 Dungeon Crawl Stone Soup version 0.29.1-15-g9cfb28693d (webtiles) character file.

Game seed: 827228428801631084

37 javelincjr the Magician (level 3, -2/25 HPs)
             Began as a Demonspawn Hedge Wizard on Apr 4, 2023.
             Succumbed to a scorpion's poison
             ... on level 2 of the Dungeon.
             The game lasted 00:07:49 (1922 turns).

javelincjr the Magician (Demonspawn Hedge Wizard)   Turns: 1922, Time: 00:07:50

Health: -2/25      AC:  3    Str:  9 (12) XL:     3   Next: 23%
Magic:  0/7        EV: 12    Int: 13 (15) God:
Gold:   52         SH:  0    Dex: 11 (12) Spells: 3/8 levels left

rFire   . . .      SeeInvis .   (no weapon)
rCold   + . .      Faith    .   (no shield)
rNeg    . . .      Spirit   .   b - +0 robe
rPois   .          Reflect  .   c - +0 hat
rElec   .          Harm     .   (no cloak)
rCorr   .          Rampage  .   (no gloves)
Will    .....                   j - +0 pair of boots
Stlth   ++........              (no amulet)
HPRegen 0.08/turn               o - ring of protection from cold
MPRegen 0.10/turn               (no ring)

@: lethally poisoned (-2 -> -19)
A: claws 1, ignite blood 1
a: no special abilities


You were on level 2 of the Dungeon.
You visited 1 branch of the dungeon, and saw 2 of its levels.

You collected 52 gold pieces.

Inventory:

Hand Weapons
 a - a +0 dagger
Missiles
 e - 3 boomerangs of dispersal
Armour
 b - a +0 robe (worn)
 c - a +0 hat (worn)
 j - a +0 pair of boots (worn)
 l - a +0 cloak
Jewellery
 o - a ring of protection from cold (left claw)
Scrolls
 f - a scroll of poison {unknown}
 h - 2 scrolls of identify {unknown}
 n - a scroll of amnesia {unknown}
 p - a scroll of fog {unknown}
Potions
 d - 2 potions of magic
 i - a potion of cancellation
 k - 2 potions of heal wounds {unknown}
 m - a potion of might {unknown}


   Skills:
 * Level 0.7 Fighting
 + Level 0.4 Armour
 + Level 2.0 Dodging
 - Level 1.9 Stealth
 * Level 3.2 Spellcasting
 + Level 1.3 Conjurations
 + Level 1.4 Summonings
 + Level 1.2 Translocations


You had 3 spell levels left.
You knew the following spells:

 Your Spells              Type           Power      Damage    Failure   Level
a - Magic Dart            Conj           20%        1d4       13%         1
b - Call Imp              Summ           5%         N/A       19%         2
c - Blink                 Tloc           10%        N/A       21%         2

Your spell library contained the following spells:

 Spells                   Type           Power      Damage    Failure   Level
 Slow                     Hex            8%         N/A       22%         1
 Conjure Flame            Conj/Fire      3%         6-21      45%         3
 Mephitic Cloud           Conj/Pois/Air  3%         N/A       50%         3


Dungeon Overview and Level Annotations

Branches:
Dungeon (2/15)

Altars:

Annotations:
D:2 Sigmund


Innate Abilities, Weirdness & Mutations

You have sharp fingernails.
Your demonic aura sometimes causes spilled blood to erupt in flames.


Message History

The magic dart hits the scorpion.
The scorpion is severely wounded.
The scorpion misses you.
The magic dart hits the scorpion but does no damage.
The scorpion is severely wounded.
The scorpion stings you.
You scratch the scorpion but do no damage.
The scorpion is severely wounded.
The scorpion misses you.
You closely miss the scorpion.
The scorpion is severely wounded.
The scorpion barely misses you. The scorpion stings you.
You are poisoned.
The scorpion poisons you!
You scratch the scorpion.
The scorpion is severely wounded.
You feel very sick. The scorpion barely misses you.
You are too injured to fight recklessly!
You are too injured to fight recklessly!
You are too injured to fight recklessly!
Casting: Magic Dart (safe; 11% risk of failure)
Confirm with . or Enter, or press ? or * to list all spells.
Aiming: Magic Dart (safe; 11% risk of failure)
Press: ? - help, Shift-Dir - straight line, f/p - scorpion
Aim: a scorpion (severely wounded, 100% to hit)
The magic dart hits the scorpion but does no damage.
The scorpion is severely wounded.
You feel sick. The scorpion stings you.
* * * LOW HITPOINT WARNING * * *
You are more poisoned.
The scorpion poisons you!
It was a potion of degeneration.
There was something very wrong with that liquid.
You feel weakened.
You feel dopey.
You feel clumsy.
* * * LOW HITPOINT WARNING * * *
You feel very sick. The scorpion barely misses you.
It was a potion of cancellation.
You feel magically purged.
You die...

.........#########
......[..#..[
.........#.####.#
................
###.........####
#.####†...#
#.........#
######....#
#.@..#+#####
#s##.#@#...# #.
..#.#...# #.
........#
#.#.##.#...# #.#.
.#...#### #.#. #
#....# #. ####.#
##<#####


You could see a scorpion.

Vanquished Creatures
  An adder (D:2)
  A dart slug (D:2)
  A worm (D:2)
  4 endoplasms
  2 goblins (D:2)
  A hobgoblin (D:1)
  4 kobolds (D:1)
  A quokka (D:2)
  4 ball pythons
  2 bats (D:1)
  2 frilled lizards (D:1)
  2 rats (D:1)
25 creatures vanquished.

Notes
Turn   | Place    | Note
-------+----------+-------------------------------------------
     0 | D:1      | javelincjr the Demonspawn Hedge Wizard began the quest for
                  | the Orb.
     0 | D:1      | Reached XP level 1. HP: 13/13 MP: 4/4
   122 | D:1      | Reached skill level 1 in Translocations
   489 | D:1      | Gained mutation: Your demonic aura sometimes causes spilled
                  | blood to erupt in flames. [demonic ancestry]
   489 | D:1      | Reached XP level 2. HP: 19/19 MP: 4/6
  1407 | D:2      | Noticed Sigmund
  1415 | D:2      | Learned a level 2 spell: Call Imp
  1418 | D:2      | Learned a level 2 spell: Blink
  1576 | D:2      | Identified the +3 leather armour "Dewoross" {Slay+3}
  1738 | D:2      | Gained mutation: You have sharp fingernails. [demonic
                  | ancestry]
  1738 | D:2      | Reached XP level 3. HP: 25/25 MP: 3/7
  1909 | D:2      | Noticed a scorpion
  1922 | D:2      | Succumbed to a scorpion's poison

Illustrated notes

Levels and vault maps discovered:
D:1:      minmay_arrival_three_doors, layout_rooms, amethyst_killhole
D:2:      layout_basic, uniq_sigmund

Skill      XL: |  1  2 |
---------------+-------+-----
Translocations | 1 |  1.2
Dodging        | 2 |  2.0
Fighting       | |  0.7
Armour         | |  0.4
Stealth        | |  1.9
Spellcasting   | |  3.2
Conjurations   | |  1.3
Summonings     | |  1.4

Action                   || total
-------------------------++-------
Melee: Dagger            ||     8
       Unarmed           ||     6
 Cast: Magic Dart        ||    72
  Use: Potion            ||     2
Armor: Robe              ||     2
Dodge: Dodged            ||     9
